 Dungeon Crawl Stone Soup version 0.29-a0-1052-g6990b1bffc (webtiles) character file.

Game seed: 11360955265948778144

57 NakanoYusui the Cudgeller (level 4, -1/28 HPs)
             Began as a Gargoyle Berserker on Aug 17, 2022.
             Was a Believer of Trog.
             Slain by a goblin
             ... wielding a +0 club
             ... led by Robin
              (3 damage)
             ... on level 3 of the Dungeon.
             The game lasted 00:04:58 (2794 turns).

NakanoYusui the Cudgeller (Gargoyle Berserker)      Turns: 2794, Time: 00:04:58

Health: -1/28      AC:  9    Str: 22    XL:     4   Next: 0%
Magic:  4/4        EV: 11    Int:  8    God:    Trog [**....]
Gold:   80         SH:  0    Dex:  9    Spells: 3/3 levels left

rFire   . . .      SeeInvis .   a - +0 mace
rCold   . . .      Faith    .   (no shield)
rNeg    + . .      Spirit   .   l - +0 leather armour
rPois   ∞          Reflect  .   m - +0 helmet
rElec   +          Harm     .   (no cloak)
rCorr   .          Rampage  .   (no gloves)
Will    .....                   p - +0 pair of boots
Stlth   +.........              (no amulet)
HPRegen 0.09/turn               (no ring)
MPRegen 0.09/turn               (no ring)

@: on berserk cooldown, slowed, very slow
A: sickness immunity, AC +3, negative energy resistance 1, electricity
resistance, torment resistance 1, petrification resistance
a: Renounce Religion, Berserk, Trog's Hand


You were on level 3 of the Dungeon.
You worshipped Trog.
Trog was pleased with you.
You visited 1 branch of the dungeon, and saw 3 of its levels.

You collected 80 gold pieces.

Inventory:

Hand Weapons
 a - a +0 mace (weapon)
Armour
 l - a +0 leather armour (worn)
 m - a +0 helmet (worn)
 p - a +0 pair of boots (worn)
Jewellery
 n - a ring of ice
 o - a ring of ice
Scrolls
 b - a scroll of poison {unknown}
 d - 3 scrolls of identify {unknown}
 h - a scroll of immolation {unknown}
Potions
 c - a potion of might {unknown}
 e - a potion of lignification {unknown}
 f - a potion of curing {unknown}
 g - a potion of magic {unknown}
 i - 2 potions of ambrosia {unknown}
 j - a potion of attraction {unknown}
 k - 2 potions of mutation {unknown}


   Skills:
 + Level 3.6 Fighting
 + Level 4.0 Maces & Flails
 + Level 2.5 Armour
 + Level 2.0 Dodging
 + Level 0.5 Stealth


You had 3 spell levels left.
You didn't know any spells.
Your spell library was empty.

Dungeon Overview and Level Annotations

Branches:
Dungeon (3/15)

Altars:

Annotations:
D:3 Robin


Innate Abilities, Weirdness & Mutations

You are immune to sickness and miasma.
Your stone body is resilient. (AC +3)
You are immune to poison.
You resist negative energy. (rN+)
You are resistant to electric shocks. (rElec)
You are resistant to unholy torment.
You are immune to petrification.


Message History

You have reached level 4!
You feel clever. The endoplasm barely misses you.
The goblin hits you with a +1 vampiric dagger.
The goblin hits you but does no damage.
Robin says, "Bow before me, strongest of all the hobgoblins!"
Things that are here:
a +0 club; a +0 dagger; a goblin corpse You feel a strong urge to attack something.
You feel your anger nearly subside.
You are no longer berserk.
You are exhausted.
You feel yourself slow down. The endoplasm barely misses you.
The goblin hits you with a +1 vampiric dagger.
Robin throws the goblin at you!
The goblin hits you with a +1 vampiric dagger.
The endoplasm barely misses you. The goblin hits you but does no damage.
The goblin completely misses you.
You hit the endoplasm but do no damage. The goblin closely misses you.
The endoplasm barely misses you. The goblin hits you but does no damage.
The goblin barely misses you.
The goblin hits you with a +1 vampiric dagger.
The endoplasm freezes you.
You are frozen.
A kobold comes into view. It is wielding a +0 whip.
Robin throws the goblin at you! The goblin hits you with a +0 club.
* * * LOW HITPOINT WARNING * * *
The goblin closely misses you.
You barely miss the goblin. The goblin hits you but does no damage.
The endoplasm hits you but does no damage.
The goblin closely misses you. The goblin completely misses you.
The goblin barely misses you. x2
Robin says, "We wiped out the hill dwarves - you're next!"
The endoplasm hits you.
* * * LOW HITPOINT WARNING * * *
The goblin closely misses you.
The goblin hits you with a +1 vampiric dagger.
* * * LOW HITPOINT WARNING * * *
The goblin hits you with a +0 club.
You die...

### #.. #.# #.#
###########.# #
........gg#g#######..
......†rgJ@g.........
.....K..gg#.#........
.....###.g#.#........
...g #..............
... ###............
.. #.......#####.. .
#.#..)..#####...
#.#............. #
#......####...


You could see Robin, an endoplasm, 3 hobgoblins, 4 goblins, a kobold and a rat.

Vanquished Creatures
  A dart slug (D:2)
  5 ball pythons (D:2)
  3 bats
  6 endoplasms
  2 giant cockroaches
  7 goblins
  5 hobgoblins
  6 jackals (D:1)
  2 quokkas
  3 kobolds
  6 rats
46 creatures vanquished.

Notes
Turn   | Place    | Note
-------+----------+-------------------------------------------
     0 | D:1      | NakanoYusui the Gargoyle Berserker began the quest for the
                  | Orb.
     0 | D:1      | Reached XP level 1. HP: 14/14 MP: 1/1
   220 | D:1      | Found a faded altar of an unknown god.
   401 | D:1      | Reached XP level 2. HP: 17/19 MP: 2/2
  1275 | D:1      | Reached XP level 3. HP: 23/23 MP: 3/3
  1862 | D:2      | Reached ** piety under Trog
  2780 | D:3      | Noticed Robin
  2782 | D:3      | Reached skill level 4 in Maces & Flails
  2788 | D:3      | Reached XP level 4. HP: 28/28 MP: 4/4
  2794 | D:3      | Slain by a goblin

Illustrated notes

Levels and vault maps discovered:
D:1:      roderic_dead_forest, layout_basic, hellmonk_ecumenical_altar_zigzags
D:2:      layout_rooms
D:3:      layout_basic, mainiacjoe_overflow_alcove_1, uniq_terence, uniq_robin,
          uniq_ijyb

Skill      XL: |  1  2  3 |
---------------+----------+-----
Dodging        | 2 |  2.0
Maces & Flails | 4 |  4.0
Fighting       | |  3.6
Armour         | |  2.5
Stealth        | |  0.5

Action                   |  1- 3 |  4- 6 || total
-------------------------+-------+-------++-------
Melee: Mace              |   147 |     2 ||   149
       Punch             |     1 |       ||     1
Invok: Berserk           |     1 |       ||     1
 Stab: Distracted        |     1 |       ||     1
Armor: Animal skin       |    43 |       ||    43
       Leather armour    |    23 |     6 ||    29
Dodge: Dodged            |    83 |    13 ||    96

Table legend: (Time is in decaauts)
 A = Elapsed time spent in this place.
 B = Non-inter-level travel time spent in this place.
 C = Inter-level travel time spent in this place.
 D = Time resting spent in this place.
 E = Time spent auto-exploring this place.
 F = Levels seen in this place.
 G = Mean time per level.
                   A        B        C        D        E       F      G
               +--------+--------+--------+--------+--------+-----+--------+
         Total |   2825 |   2507 |    318 |      0 |   2065 |   3 |  941.7 |
       Dungeon |   2825 |   2507 |    318 |      0 |   2065 |   3 |  941.7 |
               +--------+--------+--------+--------+--------+-----+--------+

Top non-repeatable levels by time:
     D:1: 1773 daAuts
     D:2: 991 daAuts
     D:3: 60 daAuts
